 Dungeon Crawl Stone Soup version 0.26.1-2-gb8aa6d0cf2 (webtiles) character file.

Game seed: 84077793464225552

9562 skwiii the Tainter (level 11, -10/81 HPs)
             Began as a Demonspawn Venom Mage on Feb 21, 2021.
             Was a Believer of Vehumet.
             Mangled by a wraith (13 damage)
             ... led by Josephine
             ... on level 9 of the Dungeon on Feb 22, 2021.
             The game lasted 00:57:01 (22945 turns).

skwiii the Tainter (Demonspawn Venom Mage)         Turns: 22945, Time: 00:57:01

Health: -10/81     AC:  8    Str:  9    XL:     11   Next: 24%
Magic:  0/21       EV: 17    Int: 31    God:    Vehumet [**....]
Gold:   584        SH:  0    Dex: 20    Spells: 4/24 levels left

rFire    . . .     SeeInvis .   F - +4 halberd (freeze)
rCold    . . .     Faith    .   (shield currently unavailable)
rNeg     . . .     Spirit   +   a - +1 robe
rPois    .         Reflect  .   (no helmet)
rElec    .         Harm     .   n - +2 cloak of Xary {Dex+6 Slay+3}
rCorr    .         Rampage  .   (no gloves)
Will     .....                  m - +1 pair of boots
Stlth    ++........             (no amulet)
HPRegen  0.23/turn              s - +6 ring of intelligence
MPRegen  0.17/turn              u - +6 ring of intelligence

@: mighty, weak-willed, attractive, slowed, very slow
A: claws 2, spiny 1, magic shield, sturdy frame 2
a: Renounce Religion


You were on level 9 of the Dungeon.
You worshipped Vehumet.
Vehumet was pleased with you.
You visited 2 branches of the dungeon, and saw 11 of its levels.
You also visited: Ossuary.

You collected 584 gold pieces.

Inventory:

Hand Weapons
 g - a +0 dagger
 E - a +3 trident
 F - a +4 halberd of freezing (weapon)
Armour
 a - a +1 robe (worn)
 d - a cursed +0 robe
 m - a +1 pair of boots (worn)
 n - the +2 cloak of Xary (worn) {Dex+6 Slay+3}
   (You acquired it on level 9 of the Dungeon)

   It affects your dexterity (+6).
   It affects your accuracy and damage with ranged weapons and melee attacks
   (+3).
 y - a +1 pair of boots
 D - a +0 cloak
Jewellery
 h - a cursed -4 ring of dexterity
 s - a +6 ring of intelligence (left claw)
 u - a +6 ring of intelligence (right claw)
 B - a +6 ring of intelligence
Wands
 e - a wand of disintegration (50)
Scrolls
 b - 15 scrolls of remove curse
 i - 2 scrolls of amnesia
 j - a scroll of random uselessness
 l - 2 scrolls of enchant armour
 t - a scroll of fear
 v - a scroll of holy word {unknown}
 x - 3 scrolls of magic mapping
 z - a scroll of acquirement
 A - a scroll of enchant weapon
 C - a scroll of immolation
Potions
 f - a potion of attraction
 k - a potion of haste {unknown}
 o - a potion of resistance {unknown}
 p - a potion of lignification {unknown}
 q - 2 potions of curing
 r - 3 potions of might
 w - a potion of degeneration {unknown}


   Skills:
 + Level 5.9 Fighting
 + Level 4.1 Armour
 + Level 6.3 Dodging
 - Level 1.7 Stealth
 + Level 7.3 Spellcasting
 + Level 4.4 Conjurations
 - Level 4.1 Transmutations
 + Level 3.8 Fire Magic
 - Level 3.3 Air Magic
 - Level 9.2 Poison Magic


You had 4 spell levels left.
You knew the following spells:

 Your Spells              Type           Power        Failure   Level
a - Sting                 Tmut/Pois      100%         1%          1
b - Poisonous Vapours     Pois/Air       100%         1%          2
c - Ignite Poison         Fire/Tmut/Pois 46%          1%          3
d - Olgreb's Toxic Radia  Pois           62%          1%          4
e - Mephitic Cloud        Conj/Pois/Air  46%          1%          3
f - Magic Dart            Conj           100%         1%          1
g - Iskenderun's Battles  Conj           38%          19%         5
h - Shock                 Conj/Air       100%         1%          1

Your spell library contained the following spells:

 Spells                   Type           Power        Failure   Level
 Searing Ray              Conj           76%          1%          2
 Corona                   Hex            12%          4%          1
 Dazzling Flash           Conj/Hex       50%          5%          3
 Ensorcelled Hibernation  Hex/Ice        22%          7%          2
 Confusing Touch          Hex            11%          13%         3
 Gell's Gravitas          Tloc           5%           13%         3
 Tukima's Dance           Hex            11%          13%         3
 Fulminant Prism          Conj/Hex       12%          17%         4
 Iskenderun's Mystic Bla  Conj/Tloc      25%          17%         4
 Petrify                  Tmut/Erth      24%          19%         4
 Bolt of Magma            Conj/Fire/Erth 14%          36%         5
 Yara's Violent Unravell  Hex/Tmut       12%          45%         5
 Metabolic Englaciation   Hex/Ice        5%           77%         5
 Iron Shot                Conj/Erth      12%          95%         6
 Orb of Destruction       Conj           19%          99%         7
 Spellforged Servitor     Conj/Summ      12%          100%        7


Dungeon Overview and Level Annotations

Branches:
Dungeon (10/15)            Temple (1/1) D:5         Ossuary (visited)
   Lair: D:8-11         Orc: D:9-12

Altars:
Ashenzari
Cheibriados
Dithmenos
Fedhas
Gozag
Hepliaklqana
Kikubaaqudgha
Makhleb
Nemelex Xobeh
Okawaru
Qazlal
Ru
Sif Muna
Trog
Uskayaw
Vehumet
Wu Jian
Xom
Yredelemnul
Zin
The Shining One

Annotations:
D:3 1 runed translucent door, slughead422's ghost, amateur FoFi
D:5 3 runed translucent doors, thiole's ghost, novice OpWz


Innate Abilities, Weirdness & Mutations

You have very sharp fingernails.
You are partially covered in sharp spines.
When hurt, damage is shared between your health and your magic reserves.
Your movements are less encumbered by armour. (ER -4)


Message History

Okay, then.
It was a potion of attraction.
You feel attractive to monsters.
Cornered, Josephine turns to fight!
Josephine is infused with unholy energy.
* * * LOW HITPOINT WARNING * * *
Josephine draws life force from you and is healed!
The wraith barely misses you. Josephine is struck by your spines.
Josephine hits you but does no damage. The wraith misses you.
It was a potion of might.
You feel very mighty all of a sudden.
You kill Josephine!
Vehumet accepts your kill. The wraith is struck by your spines.
The wraith closely misses you.
Your life force feels restored.
Okay, then.
As you read the scroll labelled VAUCEL FOBIT, it crumbles to dust.
Magic quickly surges around you.
It was a scroll of vulnerability.
The wraith hits you!
You die...

...#.....#.......#..'...#
...#.....####....#..#####
...#........######..#...#
...#........#....####...#
...'........#.......#...#
...#.....#..#.......'...#
...#.....#..'.......#####
...#######..######......#
...#...........W@)......#
...#....................#
#..####..##'##########'##
#.....#.........#...#...#
#.....#.........#...#...#
#.....#.........#...#...#
#####'############'###'##
..#............>...#....#
..#................#....#


You could see a wraith (weak-willed).

Vanquished Creatures
  Josephine (D:9)
  Erica (D:8)
  3 two-headed ogres (D:9)
  3 wyverns
  7 yaks
  2 wraiths
  A steam dragon (D:9)
  Eustachio (D:5)
  A water moccasin (D:6)
  2 orc warriors (D:8)
  3 ice beasts
  2 sky beasts
  6 necrophages (D:7)
  A black bear (D:10)
  3 centaurs
  6 ogres
  A big kobold (D:9)
  4 bullfrogs
  A gnoll sergeant (D:9)
  A water moccasin zombie (D:6)
  6 scorpions
  3 wights (D:10)
  4 howler monkeys
  2 bullfrog zombies
  2 centaur zombies
  A quasit (D:8)
  4 hounds
  3 orc priests
  A centaur skeleton (D:8)
  A jelly (D:9)
  4 iguanas
  8 orc wizards
  9 worker ants
  A hound zombie (D:10)
  A hound skeleton (D:4)
  2 mummies (D:7)
  2 howler monkey zombies
  5 worker ant zombies
  4 gnolls (D:5)
  11 adders
  A howler monkey skeleton (D:10)
  2 shadow imps
  A white imp (D:5)
  2 ufetubi
  An ooze (D:2)
  2 adder zombies
  A worm (D:2)
  A dart slug (D:1)
  3 leopard geckos
  21 orcs
  A ball python (D:3)
  10 bats
  8 giant cockroaches
  6 goblins
  8 hobgoblins
  6 jackals
  2 quokkas
  9 kobolds
  2 leopard gecko skeletons
  A leopard gecko zombie (D:6)
  2 quokka skeletons
  9 rats
223 creatures vanquished.

Vanquished Creatures (others)
  A rat (D:1)
  3 withered plants
4 creatures vanquished.

Grand Total: 227 creatures vanquished

Notes
Turn   | Place    | Note
-------+----------+-------------------------------------------
     0 | D:1      | skwiii the Demonspawn Venom Mage began the quest for the
                  | Orb.
     0 | D:1      | Reached XP level 1. HP: 13/13 MP: 3/3
   281 | D:1      | Reached skill level 1 in Transmutations
   878 | D:1      | Gained mutation: Your movements are slightly less
                  | encumbered by armour. (ER -2) [demonic ancestry]
   878 | D:1      | Reached XP level 2. HP: 17/19 MP: 0/5
  1126 | D:1      | Learned a level 2 spell: Poisonous Vapours
  2546 | D:2      | Reached XP level 3. HP: 24/24 MP: 3/6
  3872 | D:2      | Gained mutation: You are partially covered in sharp spines.
                  | [demonic ancestry]
  3872 | D:2      | Reached XP level 4. HP: 27/30 MP: 3/8
  4096 | D:2      | Found a shadowy altar of Dithmenos.
  4907 | D:3      | Reached skill level 4 in Poison Magic
  5407 | D:3      | Gained mutation: You have sharp fingernails. [demonic
                  | ancestry]
  5407 | D:3      | Reached XP level 5. HP: 35/35 MP: 2/9
  5714 | D:3      | Found a runed translucent door.
  5714 | D:3      | Noticed slughead422's ghost (amateur FoFi)
  6141 | D:3      | Found a basalt altar of Yredelemnul.
  7223 | D:4      | Gained mutation: You have very sharp fingernails. [demonic
                  | ancestry]
  7223 | D:4      | Reached XP level 6. HP: 41/41 MP: 6/11
  7965 | D:4      | Reached skill level 5 in Poison Magic
  8286 | D:4      | Gained mutation: When hurt, damage is shared between your
                  | health and your magic reserves. [demonic ancestry]
  8286 | D:4      | Reached XP level 7. HP: 41/46 MP: 8/13
  8653 | D:5      | Entered Level 5 of the Dungeon
  8905 | D:5      | Found a sand-covered staircase.
  8960 | Ossuary  | Entered an ossuary
  9014 | D:5      | Learned a level 3 spell: Ignite Poison
  9028 | D:5      | Learned a level 4 spell: Olgreb's Toxic Radiance
  9032 | D:5      | Learned a level 3 spell: Mephitic Cloud
  9313 | D:5      | Found a glowing golden altar of the Shining One.
  9320 | D:5      | Found a blossoming altar of Fedhas.
  9328 | D:5      | Found a hazy altar of Hepliaklqana.
  9401 | D:5      | Found a staircase to the Ecumenical Temple.
  9421 | Temple   | Entered the Ecumenical Temple
  9856 | D:5      | Reached skill level 1 in Fighting
  9856 | D:5      | Reached skill level 1 in Fire Magic
  9856 | D:5      | Reached skill level 1 in Air Magic
  9857 | D:5      | Noticed Eustachio
  9911 | D:5      | Killed Eustachio
 10240 | D:5      | Reached skill level 5 in Spellcasting
 10240 | D:5      | Reached XP level 8. HP: 55/55 MP: 10/15
 10393 | D:5      | Found a runed translucent gate.
 10393 | D:5      | Found a runed translucent gate.
 10395 | D:5      | Found a runed translucent gate.
 10397 | D:5      | Noticed thiole's ghost (novice OpWz)
 10399 | D:5      | Noticed a troll
 10486 | D:5      | Reached skill level 6 in Poison Magic
 11729 | D:6      | Found a hide-covered altar of Uskayaw.
 12517 | D:6      | Found an ancient bone altar of Kikubaaqudgha.
 12990 | D:6      | Found a glowing silver altar of Zin.
 13079 | D:6      | Found a bloodstained altar of Trog.
 13185 | D:6      | Found a radiant altar of Vehumet.
 13268 | D:6      | Became a worshipper of Vehumet
 13343 | D:7      | Found an opulent altar of Gozag.
 14283 | D:7      | Found a sparkling altar of Nemelex Xobeh.
 14346 | D:7      | Gained mutation: Your movements are less encumbered by
                  | armour. (ER -4) [demonic ancestry]
 14346 | D:7      | Reached XP level 9. HP: 51/59 MP: 15/17
 14714 | D:7      | Reached skill level 7 in Poison Magic
 14974 | D:8      | Reached skill level 1 in Conjurations
 14995 | D:8      | Learned a level 1 spell: Magic Dart
 15004 | D:8      | Learned a level 5 spell: Iskenderun's Battlesphere
 15052 | D:8      | Found a hazy altar of Hepliaklqana.
 15101 | D:8      | Reached skill level 1 in Armour
 15621 | D:8      | Reached * piety under Vehumet
 15621 | D:8      | Offered knowledge of Sandblast by Vehumet.
 15761 | D:8      | Noticed Erica
 15775 | D:8      | Killed Erica
 16372 | D:8      | Reached XP level 10. HP: 73/73 MP: 6/19
 16821 | D:8      | Reached skill level 8 in Poison Magic
 17809 | D:9      | Noticed a two-headed ogre
 17843 | D:9      | Killed a two-headed ogre
 17844 | D:9      | Reached skill level 5 in Fighting
 17851 | D:9      | Reached ** piety under Vehumet
 18351 | D:8      | Reached skill level 5 in Dodging
 19329 | D:9      | Offered knowledge of Shock by Vehumet.
 19537 | D:9      | Noticed a two-headed ogre
 19568 | D:9      | Killed a two-headed ogre
 20839 | D:9      | Learned a level 1 spell: Shock
 20945 | D:9      | Reached skill level 9 in Poison Magic
 21189 | D:9      | Noticed a two-headed ogre
 21215 | D:9      | Killed a two-headed ogre
 21649 | D:9      | Reached XP level 11. HP: 68/80 MP: 5/21
 22036 | D:10     | Entered Level 10 of the Dungeon
 22524 | D:10     | Noticed Josephine
 22917 | D:9      | Identified 2 scrolls of acquirement
 22917 | D:9      | Acquired the +2 cloak of Xary {Dex+6 Slay+3}
 22943 | D:9      | HP: 2/72 [Josephine/vampiric draining (2)]
 22944 | D:9      | Killed Josephine
 22945 | D:9      | Mangled by a wraith

Illustrated notes

Levels and vault maps discovered:
D:1:      co_arrival_square_in_a_square_in_a_square, layout_loops_ring,
          minivault_24, lemuel_old_faithful
D:2:      layout_loops_ring, grunt_dithmenos_smoke
D:3:      minmay_door_path, layout_loops_corners, yredelemnul_altar_generic,
          gammafunk_ghost_grave, grunt_decor_resistance
D:4:      layout_rooms
D:5:      minmay_recursive_quarters, layout_loops_ring,
          minmay_overflow_temple_star_quad, temple_fountains, enter_ossuary_2,
          gammafunk_ghost_split, uniq_eustachio
D:6:      layout_basic, eat_drink_and_be_merry_uskayaw, fiery_altar_vehumet,
          general_overflow_altar, lemuel_crystal_altar, marbit_many_paths
D:7:      layout_basic, nicolae_gozag_cash_rules_everything_around_me,
          old_standard_altar, serial_undead, serial_undead_b, serial_undead_b,
          serial_undead_a, serial_undead_d, serial_undead_c, serial_undead_c
D:8:      layout_rooms, basic_altar, minmay_fractal_squares_5, uniq_erica
D:9:      minmay_s_stair_smasher, layout_grid_maze
D:10:     minmay_octagon_keep, layout_stronghold, dpeg_oklobed_lair,
          uniq_fannar, uniq_josephine, uniq_harold
Temple:   grunt_temple_mini_profane

Skill      XL: |  1  2  3  4  5  6  7  8  9 10 11 |
---------------+----------------------------------+-----
Transmutations | 1 2 3 4 |  4.1
Spellcasting   | 3 4 5 6 7 |  7.3
Poison Magic   | 4 5 6 7 9 |  9.2
Fighting       | 1 3 4 5 |  5.9
Fire Magic     | 1 3 |  3.8
Air Magic      | 1 3 |  3.3
Dodging        | 4 5 6 |  6.3
Conjurations   | 2 4 |  4.4
Armour         | 2 3 4 |  4.1
Stealth        | |  1.7

Action                   |  1- 3 |  4- 6 |  7- 9 | 10-12 || total
-------------------------+-------+-------+-------+-------++-------
Melee: Unarmed           |     4 |       |       |       ||     4
       Dagger            |       |     5 |   195 |    41 ||   241
       Halberd           |       |       |       |    14 ||    14
 Cast: Sting             |    35 |    20 |    46 |    32 ||   133
       Poisonous Vapours |    29 |    50 |   103 |    97 ||   279
       Ignite Poison     |       |       |     5 |     1 ||     6
       Magic Dart        |       |       |     1 |     7 ||     8
       Mephitic Cloud    |       |       |     1 |       ||     1
       Shock             |       |       |       |    13 ||    13
       Olgreb's Toxic Ra |       |       |       |     1 ||     1
  Use: Scroll            |     1 |     2 |     5 |    15 ||    23
       Potion            |       |       |     2 |     3 ||     5
 Stab: Distracted        |       |       |       |     1 ||     1
       Sleeping          |       |       |       |     1 ||     1
Armor: Robe              |     9 |    16 |    70 |    25 ||   120
Dodge: Dodged            |    47 |    39 |   181 |   115 ||   382
